 Dungeon Crawl Stone Soup version 0.27.1-4-g1640c2035a (webtiles) character file.

Game seed: 11266178799576404814

670 oldmanjim the Conjurer (level 7, -20/51 HPs)
             Began as a Gnoll Conjurer on Nov 11, 2021.
             Demolished by an ogre (29 damage)
             ... on level 5 of the Dungeon.
             The game lasted 00:40:19 (5506 turns).

oldmanjim the Conjurer (Gnoll Conjurer)             Turns: 5506, Time: 00:40:20

Health: -20/51     AC:  4    Str:  7    XL:     7   Next: 58%
Magic:  15/15      EV: 13    Int: 19    God:
Gold:   190        SH:  0    Dex: 16    Spells: 7/17 levels left

rFire    . . .     SeeInvis .   a - +2 short sword (speed)
rCold    . . .     Faith    .   (no shield)
rNeg     . . .     Spirit   .   e - +1 leather armour
rPois    .         Reflect  .   p - +0 hat
rElec    .         Harm     .   (no cloak)
rCorr    .         Rampage  .   (no gloves)
Will     .....                  (no boots)
Stlth    +++.......             (no amulet)
HPRegen  0.17/turn              i - ring of wizardry
MPRegen  0.14/turn              m - +6 ring of dexterity

@: no status effects
A: fangs 1, strong nose, distributed training
a: no special abilities


You were on level 5 of the Dungeon.
You visited 1 branch of the dungeon, and saw 5 of its levels.
You also visited: Sewer.

You collected 190 gold pieces.

Inventory:

Hand Weapons
 a - a +2 short sword of speed (weapon)
 k - a +0 hand crossbow
 t - a +2 vorpal hand axe
Missiles
 f - 23 arrows
 g - 102 stones
 r - 4 poisoned darts (quivered)
 y - 25 bolts
Armour
 d - a +0 robe
 e - a +1 leather armour (worn)
 p - a +0 hat (worn)
Jewellery
 i - a ring of wizardry (left hand)
 m - a +6 ring of dexterity (right hand)
Scrolls
 c - a scroll of vulnerability {unknown}
 l - a scroll of fog {unknown}
 u - a scroll of immolation {unknown}
 x - a scroll of holy word
 A - a scroll of magic mapping {unknown}
 B - a scroll of amnesia {unknown}
Potions
 b - 5 potions of curing
 h - 2 potions of flight
 j - 2 potions of resistance
 n - a potion of magic {unknown}
 o - 2 potions of haste
 q - a potion of might
 s - 2 potions of mutation
 v - 2 potions of brilliance
 w - a potion of ambrosia
 z - a potion of lignification {unknown}


   Skills:
 + Level 2.6 Fighting
 + Level 2.6 Short Blades
 + Level 2.6 Long Blades
 + Level 2.6 Axes
 + Level 2.6 Maces & Flails
 + Level 2.6 Polearms
 + Level 2.6 Staves
 + Level 2.6 Slings
 + Level 2.6 Bows
 + Level 2.6 Crossbows
 + Level 2.6 Throwing
 + Level 2.6 Armour
 + Level 5.3 Dodging
 + Level 5.0 Stealth
 + Level 2.6 Shields
 + Level 2.6 Unarmed Combat
 + Level 5.6 Spellcasting
 + Level 7.4 Conjurations
 + Level 2.1 Hexes
 + Level 2.1 Summonings
 + Level 2.1 Necromancy
 + Level 2.1 Translocations
 + Level 2.1 Transmutations
 + Level 2.1 Fire Magic
 + Level 2.1 Ice Magic
 + Level 2.1 Air Magic
 + Level 2.1 Earth Magic
 + Level 2.1 Poison Magic
 + Level 2.9 Invocations
 + Level 2.6 Evocations


You had 7 spell levels left.
You knew the following spells:

 Your Spells              Type           Power      Damage    Failure   Level
a - Magic Dart            Conj           100%       1d8       1%          1
b - Searing Ray           Conj           66%        3d5       1%          2
c - Dazzling Flash        Conj/Hex       46%        N/A       2%          3
d - Fulminant Prism       Conj/Hex       11%        3d9       10%         4

Your spell library contained the following spells:

 Spells                   Type           Power      Damage    Failure   Level
 Shock                    Conj/Air       92%        1d8       1%          1
 Static Discharge         Conj/Air       23%        N/A       1%          2
 Swiftness                Air            13%        N/A       9%          3
 Iskenderun's Mystic Bla  Conj/Tloc      23%        2d6       10%         4
 Sticky Flame             Conj/Fire      23%        2d4       10%         4
 Airstrike                Air            6%         N/A       26%         4
 Dispel Undead            Necr           13%        3d9       26%         4
 Summon Forest            Summ/Tloc      6%         N/A       58%         5
 Summon Mana Viper        Hex/Summ       13%        N/A       58%         5
 Shadow Creatures         Summ           N/A        N/A       98%         6


Dungeon Overview and Level Annotations

Branches:
Dungeon (5/15)              Sewer (visited)
 Temple: D:4-7

Altars:
Ashenzari
Ru

Shops:
D:5 :

Annotations:
D:5 Grinder, Sigmund


Innate Abilities, Weirdness & Mutations

You have very sharp teeth.
Your uncanny sense of smell can sniff out nearby items.
Your experience applies equally to all skills.


Message History

You resist with some effort.
Casting: Fulminant Prism (dangerous; 10% risk of failure)
Confirm with . or Enter, or press ? or * to list all spells.
Aiming: Fulminant Prism (dangerous; 10% risk of failure)
Press: ? - help, Dir - move target, f/p - Sigmund
Aim: Sigmund, wielding a +0 scythe and wearing a +2 robe of willpower You can't place the prism on a creature.
Casting: Fulminant Prism (dangerous; 10% risk of failure)
Confirm with . or Enter, or press ? or * to list all spells.
Aiming: Fulminant Prism (dangerous; 10% risk of failure)
Press: ? - help, Dir - move target, p - Sigmund You conjure a prism of explosive energy!
A fulminant prism comes into view.
The ogre hits your fulminant prism with a +0 giant spiked club!!
Your fulminant prism detonates feebly.
Sigmund breathes a few words.
Sigmund's hands start flickering wildly.
Sigmund says, "Now you see me, now you don't..."
Sigmund mumbles some strange words.
Sigmund flickers and vanishes!
Deactivating autopickup; reactivate with Ctrl-A.
There is a stone staircase leading up here.
You hear some strange, mumbled words.
You are confused.
In your confused state, you trip and fall back down the stairs.
You bump into the rock wall.
Something hits you!
You're too confused to move!
The ogre hits you with a +0 giant spiked club!
* * * LOW HITPOINT WARNING * * *
You feel less confused.
A magic dart appears from out of thin air!
The magic dart hits you.
* * * LOW HITPOINT WARNING * * *
There is a stone staircase leading up here.
A puff of flame appears from out of thin air!
The puff of flame hits you.
* * * LOW HITPOINT WARNING * * *
The ogre hits you with a +0 giant spiked club!!
Ouch! That really hurt!
You die...

##......<..#
#..........#
##..........#
#...........#
##..........##
#.....{.....#
#..........##
##..O...####
#...@....#
#..#.......#
#.###......#
#.# ##......#
... #.......#
. ##.......
##..... #...


You could see an ogre.

Vanquished Creatures
  A water moccasin (D:5)
  A black bear (D:4)
  2 scorpions
  A howler monkey (D:4)
  A centaur zombie (D:4)
  A centaur skeleton (D:4)
  A hound (D:5)
  4 gnolls (D:4)
  5 adders
  A white imp (D:5)
  3 ufetubi
  A worm (D:3)
  A dart slug (D:4)
  11 orcs
  4 ball pythons
  8 bats
  9 endoplasms
  11 giant cockroaches
  7 hobgoblins
  4 jackals (D:1)
  20 kobolds
  A quokka (D:4)
  6 goblins
  9 rats
113 creatures vanquished.

Vanquished Creatures (others)
  A fulminant prism (D:5)
  2 plants (Sewer)
3 creatures vanquished.

Grand Total: 116 creatures vanquished

Notes
Turn   | Place    | Note
-------+----------+-------------------------------------------
     0 | D:1      | oldmanjim the Gnoll Conjurer began the quest for the Orb.
     0 | D:1      | Reached XP level 1. HP: 13/13 MP: 6/6
   176 | D:1      | Reached XP level 2. HP: 13/19 MP: 0/7
   179 | D:1      | Learned a level 2 spell: Searing Ray
   826 | D:1      | Reached XP level 3. HP: 25/25 MP: 6/9
   827 | D:1      | Reached skill level 5 in Spellcasting
   903 | D:1      | Learned a level 3 spell: Dazzling Flash
  1178 | D:2      | Reached skill level 1 in Invocations
  1335 | D:2      | Reached skill level 1 in Fighting
  1335 | D:2      | Reached skill level 1 in Short Blades
  1335 | D:2      | Reached skill level 1 in Long Blades
  1335 | D:2      | Reached skill level 1 in Axes
  1335 | D:2      | Reached skill level 1 in Maces & Flails
  1335 | D:2      | Reached skill level 1 in Polearms
  1335 | D:2      | Reached skill level 1 in Staves
  1335 | D:2      | Reached skill level 1 in Slings
  1335 | D:2      | Reached skill level 1 in Bows
  1335 | D:2      | Reached skill level 1 in Crossbows
  1335 | D:2      | Reached skill level 1 in Throwing
  1335 | D:2      | Reached skill level 1 in Armour
  1335 | D:2      | Reached skill level 1 in Shields
  1335 | D:2      | Reached skill level 1 in Unarmed Combat
  1335 | D:2      | Reached skill level 1 in Evocations
  1657 | D:2      | Reached XP level 4. HP: 32/32 MP: 9/11
  1848 | D:3      | Found a faded altar of an unknown god.
  1923 | D:3      | Found a broken altar of Ashenzari.
  1958 | D:3      | Found a glowing drain.
  1988 | Sewer    | Entered a sewer
  2483 | Sewer    | Reached skill level 1 in Hexes
  2483 | Sewer    | Reached skill level 1 in Summonings
  2483 | Sewer    | Reached skill level 1 in Necromancy
  2483 | Sewer    | Reached skill level 1 in Translocations
  2483 | Sewer    | Reached skill level 1 in Transmutations
  2483 | Sewer    | Reached skill level 1 in Fire Magic
  2483 | Sewer    | Reached skill level 1 in Ice Magic
  2483 | Sewer    | Reached skill level 1 in Air Magic
  2483 | Sewer    | Reached skill level 1 in Earth Magic
  2483 | Sewer    | Reached skill level 1 in Poison Magic
  3322 | D:4      | Reached XP level 5. HP: 37/37 MP: 6/12
  3872 | D:4      | Reached XP level 6. HP: 40/44 MP: 5/13
  3944 | D:4      | Noticed a black bear
  3958 | D:4      | Killed a black bear
  3959 | D:4      | Reached skill level 5 in Dodging
  4490 | D:4      | Reached XP level 7. HP: 50/50 MP: 11/15
  4579 | D:4      | Found a sacrificial altar of Ru.
  4997 | D:5      | Entered Level 5 of the Dungeon
  5039 | D:5      | Noticed Grinder
  5058 | D:4      | Learned a level 4 spell: Fulminant Prism
  5062 | D:5      | Found Zecsuok's Book Shoppe.
  5381 | D:5      | Reached skill level 5 in Stealth
  5449 | D:5      | Noticed Sigmund
  5506 | D:5      | Demolished by an ogre

Illustrated notes

Levels and vault maps discovered:
D:1:      sevenhm_arrival_forest_fort_large_2, layout_basic
D:2:      layout_rooms
D:3:      layout_loops_ring, ashenzari_altar_1, basic_ecumenical_altar,
          cheibrodos_sewer_entry_drain, amcnicky_mini_rare_corridor_liquid,
          kennysheep_nub
D:4:      layout_loops_corners, nicolae_ru_path_of_blood
D:5:      layout_cave_pods, gammafunk_temple_overflow_wave, serial_shops, shop,
          shop, nicolae_shop_waterfront, shop, uniq_grinder, uniq_sigmund

Skill      XL: |  1  2  3  4  5  6  7 |
---------------+----------------------+-----
Spellcasting   | 5 |  5.6
Invocations    | 1 2 |  2.9
Fighting       | 1 2 |  2.6
Short Blades   | 1 2 |  2.6
Long Blades    | 1 2 |  2.6
Axes           | 1 2 |  2.6
Maces & Flails | 1 2 |  2.6
Polearms       | 1 2 |  2.6
Staves         | 1 2 |  2.6
Slings         | 1 2 |  2.6
Bows           | 1 2 |  2.6
Crossbows      | 1 2 |  2.6
Throwing       | 1 2 |  2.6
Armour         | 1 2 |  2.6
Shields        | 1 2 |  2.6
Unarmed Combat | 1 2 |  2.6
Evocations     | 1 2 |  2.6
Hexes          | 1 2 |  2.1
Summonings     | 1 2 |  2.1
Necromancy     | 1 2 |  2.1
Translocations | 1 2 |  2.1
Transmutations | 1 2 |  2.1
Fire Magic     | 1 2 |  2.1
Ice Magic      | 1 2 |  2.1
Air Magic      | 1 2 |  2.1
Earth Magic    | 1 2 |  2.1
Poison Magic   | 1 2 |  2.1
Dodging        | 5 |  5.3
Stealth        | 5 |  5.0
Conjurations   | |  7.4

Action                   |  1- 3 |  4- 6 |  7- 9 || total
-------------------------+-------+-------+-------++-------
Melee: Dagger            |     2 |       |       ||     2
       Short sword       |       |    12 |       ||    12
       Hand axe          |       |     3 |       ||     3
       Bite              |       |     3 |       ||     3
Throw: Dart              |       |       |     1 ||     1
 Cast: Magic Dart        |    53 |    71 |    15 ||   139
       Searing Ray       |     6 |    27 |     8 ||    41
       Dazzling Flash    |       |     1 |       ||     1
       Fulminant Prism   |       |       |     1 ||     1
  Use: Scroll            |     4 |     6 |     1 ||    11
 Stab: Sleeping          |       |     2 |       ||     2
       Invisible         |       |     1 |       ||     1
Armor: Robe              |     1 |       |       ||     1
       Leather armour    |       |    12 |     5 ||    17
Dodge: Dodged            |    11 |    33 |    30 ||    74
